Zazza, neutral female gnomish Wizard ---------- ---------------- --------------- ##.......%.| #...............| |..............######|.>.....`.# ###|.........fr...| |.............| ####.........|#####..............$. |<............| # --------.-### |..............| |.............-### ---------------- --------+------ Zazza the Evoker Experience level: 1 Strength: 7 Dexterity: 14 Constitution: 15 Intelligence: 16 Wisdom: 11 Charisma: 12 Health: 0(11) Energy: 7(7) Def: 1 Gold: 6114 Moves: 1045 Dungeon seed: YNcGKYDHf-6Lx5sa Game ID: Zazza_1621707762 Your Inventory: Coins $ - 6114 gold pieces Amulets K - an uncursed amulet of restful sleep (being worn) Weapons a - a blessed +1 quarterstaff (weapon in hands) p - a +1 orcish bow t - a +0 elven dagger u - a +0 dagger U - a cursed +0 orcish dagger V - a cursed +0 dagger W - 35 cursed +2 darts Armor e - an uncursed +0 cloak of magic resistance (being worn) q - an uncursed +0 orcish helm N - a cursed +0 Hawaiian shirt Y - a cursed +0 Hawaiian shirt Comestibles s - an uncursed apple L - a cursed cram ration M - 3 cursed eggs P - 2 cursed lembas wafers Q - a cursed melon R - 4 cursed pancakes S - a cursed slime mold T - 2 cursed tripe rations Scrolls i - an uncursed scroll of remove curse j - an uncursed scroll of gold detection k - an uncursed scroll of create monster z - a cursed scroll of fire A - a cursed scroll of confuse monster F - a cursed scroll of gold detection G - a cursed scroll of light H - a blessed scroll of magic mapping I - 3 cursed scrolls of magic mapping Potions f - 2 uncursed potions of water g - an uncursed potion of gain energy h - an uncursed potion of paralysis o - a blessed potion of confusion r - a cursed potion of blindness v - a cursed potion of extra healing x - a cursed potion of paralysis B - 2 cursed potions of levitation D - an uncursed potion of hallucination E - a cursed potion of fruit juice J - 2 uncursed potions of extra healing Rings c - an uncursed +3 ring of adornment d - an uncursed ring of invisibility (on left hand) Wands b - a wand of slow monster (0:7) w - a cursed wand of lightning (0:7) C - a cursed wand of enlightenment (0:14) Tools n - a magic marker (0:42) Gems y - an uncursed worthless piece of violet glass Spells and supernatural/magical abilities: Name Level Category Fail Memory a - force bolt 1 attack 0% 95% H - haste self 3 escape 100% 95% W - pray for help -- divine ? -- Your skills at the end: Fighting Skills Weapon Skills quarterstaff [Basic] Spellcasting Skills attack spells [Basic] enchantment spells [Basic] Final Attributes: You were nominally aligned. You were magic-protected. You fell asleep. You had infravision. You were invisible. You are dead. Vanquished creatures: 2 hobbits a giant rat a garter snake a gecko a kobold a goblin a grid bug 2 lichens a kobold zombie 3 newts 14 creatures vanquished. Voluntary challenges: You never hit with a wielded weapon. You were a pacifist. You were illiterate. You never genocided any monsters. You never polymorphed an object. You never changed form. You used no wishes. You never split a pudding. You never wrote Elbereth's name. You never violated your personal moral code. Dungeon overview: The Dungeons of Doom: levels 1 to 4 Level 1 a long staircase Level 2 a fountain Level 3 a fountain Level 4 <- You were here a fountain stairs to The Gnomish Mines The Gnomish Mines: Level 5 stairs to The Dungeons of Doom History has recorded: On T:1 you entered the Dungeons of Doom to retrieve the Amulet of Yendor! On T:29 you reached level 2 of The Dungeons of Doom. On T:360 you reached level 3 of The Dungeons of Doom. On T:815 you reached level 4 of The Dungeons of Doom. On T:857 you reached level 1 of The Gnomish Mines. Score breakdown: Gold: 6114 (12880 points) Experience: 1 level ( 0 points) Exploration: 5 levels ( 10.00%) ( 8571 points) Discoveries: 0 items ( 0.00%) ( 0 points) Valuables value: (no points given unless you survive) Artifact value: 0 ( 0 points) Variety of kills: 10 monsters ( 2.62%) ( 4860 points) Turncount: 1045 turns ( 0 points) Survival: died (score multiplied by 80%) Total score: 21048 Latest messages: Wizard needs food, badly! You displace Armand. Never mind. You begin praying to Thoth. You are surrounded by a shimmering light. You feel that Thoth is satisfied. Your stomach feels content. You see here a statue of an acid blob. You displace Armand. You fall asleep. You wake up. You displace Armand. You hear someone counting money. The giant rat bites! Armand bites the giant rat. The giant rat misses Armand. The giant rat bites! Armand misses the giant rat. The giant rat bites! (2x) Armand bites the giant rat. The giant rat is killed! The giant rat bites! You die... Final status: Goodbye Zazza the Wizard, killed by a giant rat... You died in The Dungeons of Doom on dungeon level 4 with 21048 points, and 6114 pieces of gold, after 1045 moves. You were level 1 with a maximum of 11 hit points when you died.